 Dungeon Crawl Stone Soup version 0.28.0 (webtiles) character file.

Game seed: 18103573574732205804

1633 bande the Chopper (level 8, -5/51 HPs)
             Began as a Gargoyle Fighter on Feb 6, 2022.
             Killed from afar by a steam dragon (14 damage)
             ... with a ball of steam
             ... on level 6 of the Dungeon.
             The game lasted 00:08:39 (6556 turns).

bande the Chopper (Gargoyle Fighter)                Turns: 6556, Time: 00:08:39

Health: -5/51      AC: 17    Str: 18 (19) XL:     8   Next: 98%
Magic:  8/8        EV: 11    Int: 10      God:
Gold:   383        SH:  5    Dex: 11      Spells: 7/7 levels left

rFire   . . .      SeeInvis .   o - +0 war axe (venom)
rCold   . . .      Faith    .   c - +0 buckler
rNeg    + . .      Spirit   .   e - +0 chain mail
rPois   ∞          Reflect  .   b - +0 helmet
rElec   +          Harm     .   (no cloak)
rCorr   .          Rampage  .   (no gloves)
Will    +....                   (no boots)
Stlth   ..........              (no amulet)
HPRegen 0.17/turn               f - +4 ring of evasion
MPRegen 0.11/turn               (no ring)

@: no status effects
A: sickness immunity, AC +5, negative energy resistance 1, electricity
resistance, torment resistance 1, petrification resistance, hooves 1,
deterioration 1, strong-willed 1
a: no special abilities


You were on level 6 of the Dungeon.
You visited 1 branch of the dungeon, and saw 6 of its levels.

You collected 383 gold pieces.

Inventory:

Hand Weapons
 a - a +0 war axe
 m - a +1 mace of draining
 o - a +0 war axe of venom (weapon)
Missiles
 g - 3 boomerangs of dispersal (quivered)
Armour
 b - a +0 helmet (worn)
 c - a +0 buckler (worn)
 e - a +0 chain mail (worn)
Jewellery
 f - a +4 ring of evasion (left hand)
Potions
 d - 2 potions of cancellation
 i - 2 potions of magic
 j - a potion of lignification {unknown}
 k - 2 potions of resistance {unknown}
 l - a potion of ambrosia {unknown}
 p - a potion of might
 q - a potion of degeneration {unknown}
 r - a potion of haste {unknown}


   Skills:
 + Level 5.7 Fighting
 + Level 7.4 Axes
 + Level 7.1 Armour
 + Level 4.4 Shields


You had 7 spell levels left.
You didn't know any spells.
Your spell library contained the following spells:

 Spells                   Type           Power      Damage    Failure   Level
 Magic Dart               Conj           0%         1d3       99%         1
 Blink                    Tloc           0%         N/A       100%        2
 Searing Ray              Conj           0%         2d4       100%        2
 Fulminant Prism          Conj/Hex       0%         3d6       100%        4
 Manifold Assault         Tloc           0%         N/A       100%        5
 Storm Form               Tmut/Air       0%         N/A       100%        7


Dungeon Overview and Level Annotations

Branches:
Dungeon (6/15)
 Temple: D:4-7

Altars:
Hepliaklqana

Shops:
D:5 [


Innate Abilities, Weirdness & Mutations

You are immune to sickness and miasma.
Your stone body is resilient. (AC +5)
You are immune to poison.
You resist negative energy. (rN+)
You are resistant to electric shocks. (rElec)
You are resistant to unholy torment.
You are immune to petrification.
You have large cloven feet.
Your body sometimes deteriorates upon taking damage.
You are strong-willed. (Will+)


Message History

You hit the steam dragon but do no damage.
The steam dragon is poisoned.
You hit the steam dragon.
You are engulfed in a cloud of scalding steam.
* * * LOW HITPOINT WARNING * * *
The steam dragon breathes steam at you. The ball of steam misses you.
The steam dragon closely misses you. The steam dragon barely misses you.
The orc priest looks satisfied for a moment.
The steam dragon misses you.
The steam dragon claws you but does no damage.
You feel much better. The steam dragon breathes steam at you.
The ball of steam hits you!
Your body deteriorates!
You feel weakened. You block the orc priest's attack.
The steam dragon breathes steam at you. The ball of steam hits you!
* * * LOW HITPOINT WARNING * * *
You hit the orc priest but do no damage.
The orc priest is poisoned.
Your kick misses the orc priest.
The orc priest is almost dead.
You closely miss the steam dragon. x2
You are engulfed in a cloud of scalding steam.
The steam dragon closely misses you.
The steam dragon claws you but does no damage.
The orc priest calls down the wrath of Beogh upon you.
You resist with some effort. The steam dragon misses you. x2
You closely miss the orc priest.
The orc priest is almost dead.
You hit the steam dragon.
You hit the steam dragon but do no damage.
The steam dragon looks as sick as possible!
You are engulfed in a cloud of scalding steam.
You kill the orc priest!
The steam dragon closely misses you. You block the steam dragon's attack.
The steam dragon barely misses you. x2
Drinking this now will have no effect.
The steam dragon breathes steam at you. The ball of steam hits you!
You die...

# # ######### #
#.......#### #
#..........######### #####
#..........).<......
#...###....[............##
#.....##..................
##.##..#.@................
#..##.DD.................
##..)§)..................
##...)..................
####................##.
#.............(..###
##...............# #
#......... #........


You could see 2 steam dragons.

Vanquished Creatures
  An unseen horror (D:6)
  A water moccasin (D:5)
  A sky beast (D:5)
  2 ogres
  A phantom (D:5)
  2 kobold brigands (D:5)
  4 scorpions
  A hound (D:4)
  4 orc priests
  2 centaur skeletons
  5 iguanas
  An orc wizard (D:6)
  Robin (D:4)
  4 adders
  An ufetubus (D:3)
  4 worms
  5 dart slugs
  9 orcs
  2 bats
  4 endoplasms (D:1)
  A giant cockroach (D:2)
  7 hobgoblins
  14 kobolds
  5 quokkas
  6 ball pythons
  5 frilled lizards
  15 goblins
  6 rats
  A spectral orc (D:4)
115 creatures vanquished.

Vanquished Creatures (others)
  An orc wizard (D:6)
1 creature vanquished.

Grand Total: 116 creatures vanquished

Notes
Turn   | Place    | Note
-------+----------+-------------------------------------------
     0 | D:1      | bande the Gargoyle Fighter began the quest for the Orb.
     0 | D:1      | Reached XP level 1. HP: 14/14 MP: 1/1
   389 | D:1      | Reached XP level 2. HP: 18/19 MP: 2/2
   921 | D:1      | Reached XP level 3. HP: 23/23 MP: 3/3
  1846 | D:3      | Found a faded altar of an unknown god.
  2168 | D:3      | Noticed an ogre
  2180 | D:3      | Killed an ogre
  2181 | D:3      | Reached XP level 4. HP: 25/29 MP: 4/4
  2181 | D:3      | Reached XP level 5. HP: 28/33 MP: 5/5
  3126 | D:4      | Reached XP level 6. HP: 34/38 MP: 6/6
  3747 | D:4      | Gained mutation: You have large cloven feet. [potion of
                  | mutation]
  3747 | D:4      | Gained mutation: Your body sometimes deteriorates upon
                  | taking damage. [potion of mutation]
  3747 | D:4      | Gained mutation: You are strong-willed. (Will+) [potion of
                  | mutation]
  3789 | D:4      | Noticed Robin
  3798 | D:4      | Killed Robin
  3845 | D:4      | Reached skill level 5 in Axes
  3907 | D:4      | Reached XP level 7. HP: 44/44 MP: 7/7
  3978 | D:4      | Found a hazy altar of Hepliaklqana.
  4134 | D:4      | Reached skill level 5 in Armour
  4394 | D:5      | Entered Level 5 of the Dungeon
  4394 | D:5      | Found Xihant Esali's Armour Shop.
  4609 | D:5      | Reached skill level 5 in Fighting
  4609 | D:5      | Reached XP level 8. HP: 19/49 MP: 8/8
  6422 | D:6      | Killed an unseen horror
  6556 | D:6      | Killed from afar by a steam dragon

Illustrated notes

Levels and vault maps discovered:
D:1:      dpeg_arrival_renting, layout_rooms
D:2:      layout_loops_ring, minmay_tromino_v4_b
D:3:      cheibrodos_old_hovel, layout_loops_ring,
          hellmonk_ecumenical_altar_lost_god, grunt_ministairs_9,
          minmay_tree_intersection, kennysheep_generic_room_2
D:4:      layout_basic, nicolae_hepliaklqana_monster_ancestors, uniq_robin
D:5:      cheibrodos_thug_alley, layout_rooms, serial_shops,
          nicolae_shop_crystal, kennysheep_generic_room_3
D:6:      layout_rooms, mainiacjoe_overflow_surrounded_room, temple_hall

Skill      XL: |  1  2  3  4  5  6  7  8 |
---------------+-------------------------+-----
Axes           | 2 3 4 5 6 7 |  7.4
Armour         | 4 5 7 |  7.1
Fighting       | 4 5 |  5.7
Shields        | 4 |  4.4

Action                   |  1- 3 |  4- 6 |  7- 9 || total
-------------------------+-------+-------+-------++-------
Melee: War axe           |   123 |   121 |   154 ||   398
       Kick              |       |     7 |    46 ||    53
  Use: Scroll            |     2 |     3 |     4 ||     9
       Potion            |     1 |     2 |     1 ||     4
Armor: Scale mail        |    51 |    44 |       ||    95
       Chain mail        |       |    14 |   176 ||   190
Dodge: Dodged            |    78 |    79 |    70 ||   227
Block: Buckler           |    28 |    22 |    41 ||    91
